 Dungeon Crawl Stone Soup version 0.21-a0-196-g6a663c0 (webtiles) character file.

95 terra52 the Chopper (level 4, -1/36 HPs)
             Began as a Demonspawn Chaos Knight on Aug 15, 2017.
             Slain by Sigmund
             ... wielding a +2 scythe of protection
              (13 damage)
             ... on level 3 of the Dungeon on Aug 16, 2017.
             The game lasted 00:05:35 (1370 turns).

terra52 the Chopper (Demonspawn Chaos Knight)       Turns: 1370, Time: 00:05:36

Health: -1/36      AC: 14    Str: 18      XL:     4   Next: 39%
Magic:  4/4        EV: 12    Int: 19      God:    Xom [*.....]
Gold:   57         SH:  0    Dex: 13 (14) Spells: 3/3 levels left

rFire    . . .     SeeInvis .   a - +0 hand axe (chaos)
rCold    . . .     Gourm    .   (no shield)
rNeg     . . .     Faith    .   b - +2 leather armour
rPois    .         Spirit   .   (no helmet)
rElec    .         Reflect  .   (no cloak)
rCorr    .         Harm     .   (no gloves)
MR       .....                  (no boots)
Stlth    +.........             (no amulet)
HPRegen  0.12/turn              (no ring)
MPRegen  0.09/turn              (no ring)

@: mighty, brilliant, sanguine armour
A: agile 1, sense surroundings 1, sanguine armour 2
a: Renounce Religion


You were on level 3 of the Dungeon.
You worshipped Xom.
You were a special plaything of Xom.
You were not hungry.

You visited 1 branch of the dungeon, and saw 3 of its levels.

You collected 57 gold pieces.

Inventory:

Hand Weapons
 a - a +0 hand axe of chaos (weapon)
 j - a +0 battleaxe
Armour
 b - a +2 leather armour (worn)
Scrolls
 h - 2 scrolls of teleportation {unknown}
Potions
 e - 2 potions of might
Comestibles
 c - 2 bread rations
 d - 2 royal jellies
 k - a chunk of flesh


   Skills:
 + Level 3.6 Fighting
 + Level 3.8 Axes
 + Level 2.2 Armour
 + Level 1.5 Dodging


You had 3 spell levels left.
You didn't know any spells.

Dungeon Overview and Level Annotations

Branches:
Dungeon (3/15)

Altars:

Annotations:
D:3 Sigmund


Innate Abilities, Weirdness & Mutations

When seriously injured, your bleeding wounds create thick armour. (AC +9)
You are agile. (Dex +2)
You passively map a small area around you.


Message History

Something barely misses you.
It was a potion of mutation.
You feel extremely strange.
You feel healthier.
Your urge to yell lessens.
The horns on your head shrink away.
Your urge to shout disappears.
You feel agile.
You feel a strange attunement to the structure of the dungeons.
Something hits you!
Your blood congeals into armour.
It was a potion of might.
You feel very mighty all of a sudden.
You hit something. Something hits you. Something hits you!
* * * LOW HITPOINT WARNING * * *
A shower of butterflies erupts from you!
You hit something but do no damage.
Nothing appears to happen.
Something hits you.
* * * LOW HITPOINT WARNING * * *
You feel better. Something hits you.
You barely miss something. Something hits you.
You closely miss something. Something barely misses you.
You closely miss something. Something hits you!
You die...

##############
#...)@..b.....
#.#.###{.##### ,
*##....b# *
.#.####b#########
,* * ....*
#>......... ,
....#
#..########,
.....##..# *
.........#
...#...########


There were no monsters in sight!

Vanquished Creatures
  Terence (D:2)
  2 adders (D:2)
  An ooze (D:1)
  2 worms (D:2)
  2 leopard geckos (D:1)
  A giant cockroach (D:2)
  6 hobgoblins
  4 jackals (D:2)
  A quokka (D:2)
  4 bats
  3 frilled lizards (D:2)
  3 goblins
  3 kobolds
  6 rats
39 creatures vanquished.

Notes
Turn   | Place    | Note
-------+----------+-------------------------------------------
     0 | D:1      | terra52 the Demonspawn Chaos Knight began the quest for the Orb.
     0 | D:1      | Reached XP level 1. HP: 18/18 MP: 1/1
     6 | D:1      | XOM: silly message
   100 | D:1      | Gained mutation: When seriously injured, your bleeding wounds create armour. (AC +9) [demonic ancestry]
   100 | D:1      | Reached XP level 2. HP: 24/24 MP: 2/2
   137 | D:1      | XOM: harmless Summ miscast
   171 | D:1      | XOM: 1-stop teleportation journey
   335 | D:1      | Reached skill level 1 in Dodging
   429 | D:1      | XOM: give mutations
   429 | D:1      | Gained mutation: You occasionally shout uncontrollably at your foes. [Xom's mischief]
   429 | D:1      | Gained mutation: You have a pair of small horns on your head. [Xom's mischief]
   429 | D:1      | Gained mutation: Scrolls take you a little longer to read. [Xom's mischief]
   429 | D:1      | Gained mutation: You are frail. (-10% HP) [Xom's mischief]
   557 | D:2      | Reached XP level 3. HP: 17/26 MP: 3/3
   814 | D:2      | XOM: noise
   853 | D:2      | XOM: noise
   956 | D:2      | XOM: 3-stop teleportation journey
  1065 | D:2      | XOM: summons 1 hostile demon
  1154 | D:2      | Noticed Terence
  1164 | D:2      | Killed Terence
  1164 | D:2      | Gained mutation: When seriously injured, your bleeding wounds create thick armour. (AC +9) [demonic ancestry]
  1164 | D:2      | Reached XP level 4. HP: 24/32 MP: 4/4
  1263 | D:2      | XOM: give mutations
  1263 | D:2      | Gained mutation: You sometimes yell uncontrollably at your foes. [Xom's mischief]
  1263 | D:2      | Gained mutation: Your body sometimes deteriorates upon taking damage. [Xom's mischief]
  1263 | D:2      | Lost mutation: Scrolls take you a little longer to read. [Xom's mischief]
  1263 | D:2      | Lost mutation: You are frail. (-10% HP) [Xom's mischief]
  1357 | D:3      | Noticed Sigmund
  1363 | D:3      | Lost mutation: Your body sometimes deteriorates upon taking damage. [potion of mutation]
  1363 | D:3      | Lost mutation: You sometimes yell uncontrollably at your foes. [potion of mutation]
  1363 | D:3      | Lost mutation: You have a pair of small horns on your head. [potion of mutation]
  1363 | D:3      | Lost mutation: You occasionally shout uncontrollably at your foes. [potion of mutation]
  1363 | D:3      | Gained mutation: You are agile. (Dex +2) [potion of mutation]
  1363 | D:3      | Gained mutation: You passively map a small area around you. [potion of mutation]
  1365 | D:3      | XOM: butterfly on damage
  1370 | D:3      | Slain by Sigmund

Vault maps used:
D:1:      roderic_chinese_lattice_arrival, hex_medium
D:2:      serial_glass, glass_columns_b, glass_columns_b, glass_columns_a,
          glass_columns_b, glass_columns_a, due_unseen_surprise,
          feat_on_display, item_on_display_a, uniq_terence
D:3:      chequers_ecumenical_altar_island, nemelex_lonely_heart_becter,
          uniq_natasha, uniq_sigmund

Skill      XL: |  1  2 |
---------------+-------+-----
Armour         | 2 |  2.2
Axes           | 3 |  3.8
Dodging        | 1 |  1.5
Fighting       | |  3.6

Action                   |  1- 3 |  4- 6 || total
-------------------------+-------+-------++-------
Melee: Hand axe          |    92 |     6 ||    98
       Headbutt          |     7 |       ||     7
       Battleaxe         |     4 |     4 ||     8
  Use: Potion            |       |     5 ||     5
 Stab: Confused          |     1 |       ||     1
  Eat: Chunk             |     1 |     1 ||     2
Armor: Leather armour    |    49 |     1 ||    50
Dodge: Dodged            |    63 |     4 ||    67
